 Dungeon Crawl Stone Soup version 0.30-b1-2-g02819fbbbe (webtiles) character file.

Game seed: 17770205773055069470

186868 doot the Peltast (level 18, -15/122 (143) HPs)
             Began as a Formicid Fighter on Aug 25, 2023.
             Was the Champion of Cheibriados.
             Killed from afar by an ironbound frostheart (39 damage)
             ... by creeping frost
             ... in an ice cave.
             The game lasted 01:30:08 (29014 turns).

doot the Peltast (Formicid Fighter)                Turns: 29014, Time: 01:30:10

HP:   -15/122 (143) AC: 31    Str: 49    XL:     18   Next: 71%
MP:   28/28         EV: 23    Int: 25    God:    Cheibriados [******]
Gold: 697           SH: 21    Dex: 38    Spells: 20/22 levels left

rFire   + . .        b - +7 dire flail of the Heavens {drain, rF+}
rCold   . . .        i - +1 kite shield {reflect}
rNeg    . . .        h - +11 plate armour "Cihuycu" {rPois Will- Str-2 Dex+8}
rPois   +            (helmet unavailable)
rElec   .            I - +0 cloak
rCorr   +            g - +0 pair of gloves
SInv    +            y - +1 pair of boots of Caefi {Str+3}
Will    .....        Q - amulet of regeneration
Stlth   ++           R - ring "Ocvyllos" {rCorr EV+5 Stlth+}
HPRegen 1.20/turn    N - ring of Denor {Str+6 Dex+4 Stlth+}
MPRegen 0.21/turn

%: reflection
@: heavily drained, very slow
A: permanent stasis, dig shafts and tunnels, antennae 3, four strong arms,
clumsy 1
}: 1/15 runes: abyssal
a: Dig, Renounce Religion, Bend Time, Temporal Distortion, Slouch, Step From
Time


You were in an ice cave.
You worshipped Cheibriados.
Cheibriados was exalted by your worship.
You visited 6 branches of the dungeon, and saw 26 of its levels.
You visited the Abyss 2 times.
You also visited: Sewer and Ice Cave.

You collected 2512 gold pieces.
You spent 1815 gold pieces at shops.

Inventory:

Hand Weapons
 a - a +4 arbalest
 b - the +7 dire flail of the Heavens (weapon) {drain, rF+}
   (You bought it in a shop on level 6 of the Dungeon)

   rF:        It protects you from fire.
 q - a +3 battleaxe
Missiles
 t - 7 curare-tipped darts
Armour
 g - a +0 pair of gloves (worn)
 h - the +11 plate armour "Cihuycu" (worn) {rPois Will- Str-2 Dex+8}
   (You bought it in a shop on level 2 of the Dungeon)

   Str:       It affects your strength (-2).
   Dex:       It affects your dexterity (+8).
   rPois:     It protects you from poison.
   Will:      It decreases your willpower.
 i - a +1 kite shield of reflection (worn)
 p - the +5 chain mail "Jaocloam" {Fly Regen+ rCorr Stlth-}
   (You found it on level 2 of the Spider Nest)

   Fly:       It grants you flight.
   Regen:     It increases your rate of health regeneration.
   rCorr:     It protects you from acid and corrosion.
   Stlth:     It makes you less stealthy.
 r - +0 ice dragon scales
 y - the +1 pair of boots of Caefi (worn) {Str+3}
   (You bought it in a shop on level 2 of the Dungeon)

   Str:       It affects your strength (+3).
 I - a +0 cloak (worn)
 S - a +4 scale mail of willpower
 Y - a +0 tower shield
Jewellery
 u - a ring of positive energy
 C - an amulet of reflection
 N - the ring of Denor (right hand) {Str+6 Dex+4 Stlth+}
   (You found it on level 5 of the Lair of Beasts)

   [ring of strength]

   Str:       It affects your strength (+6).
   Dex:       It affects your dexterity (+4).
   Stlth:     It makes you more stealthy.
 Q - an amulet of regeneration (around neck)
 R - the ring "Ocvyllos" (left hand) {rCorr EV+5 Stlth+}
   (You found it on level 8 of the Dungeon)

   [ring of evasion]

   EV:        It affects your evasion (+5).
   rCorr:     It protects you from acid and corrosion.
   Stlth:     It makes you more stealthy.
 U - a ring of protection from fire
Wands
 c - a wand of light (12)
 k - a wand of mindburst (9)
 o - a wand of paralysis (6)
 w - a wand of iceblast (22)
 E - a wand of flame (11)
 M - a wand of digging (5)
Scrolls
 e - 4 scrolls of amnesia
 f - 7 scrolls of magic mapping
 j - 2 scrolls of fog {unknown}
 l - 4 scrolls of fear
 m - 3 scrolls of identify
 s - 3 scrolls of torment
 v - 4 scrolls of enchant armour
 A - a scroll of silence {unknown}
 B - 5 scrolls of enchant weapon {unknown}
 D - a scroll of poison {unknown}
 F - 2 scrolls of butterflies {unknown}
 G - 4 scrolls of vulnerability
 K - 4 scrolls of immolation
 T - a scroll of brand weapon {unknown}
 X - 18 scrolls of noise
Potions
 d - 3 potions of mutation
 x - 3 potions of brilliance
 z - 3 potions of ambrosia {unknown}
 H - 6 potions of flight
 J - a potion of attraction {unknown}
 L - 3 potions of magic {unknown}
 O - 4 potions of curing
 P - 10 potions of cancellation
 V - 4 potions of lignification {unknown}
 W - 3 potions of might
 Z - 2 potions of invisibility
Miscellaneous
 n - a box of beasts


   Skills:
 + Level 13.0 Fighting
 + Level 13.8(15.9) Axes
 + Level 12.9(15.4) Maces & Flails
 + Level 2.3 Ranged Weapons
 + Level 11.3 Armour
 + Level 7.4 Dodging
 + Level 4.4 Stealth
 + Level 18.6 Shields
 + Level 2.5 Spellcasting
 + Level 3.9 Transmutations
 * Level 14.1 Invocations
 - Level 7.6 Evocations


You had 20 spell levels left.
You knew the following spells:

 Your Spells              Type           Power      Damage    Failure   Level
a - Wereblood             Tmut           22%        N/A       12%         2

Your spell library contained the following spells:

 Spells                   Type           Power      Damage    Failure   Level
 Passwall                 Tmut/Erth      10%        N/A       26%         2
 Apportation              Tloc           6%         N/A       38%         1
 Kiss of Death            Conj/Necr      12%        2d6       38%         1
 Magic Dart               Conj           12%        1d3       38%         1
 Cigotuvi's Dreadful Rot  Necr/Pois/Air  6%         N/A       52%         2
 Ensorcelled Hibernation  Hex/Ice        6%         N/A       52%         2
 Lesser Beckoning         Tloc           6%         N/A       52%         2
 Searing Ray              Conj           6%         2d4       52%         2
 Static Discharge         Conj/Air       6%         2-3/arc   52%         2
 Sublimation of Blood     Necr           3%         N/A       52%         2
 Ignite Poison            Fire/Tmut/Pois 9%         N/A       56%         3
 Confusing Touch          Hex            3%         N/A       77%         3
 Frozen Ramparts          Ice            6%         1d1       77%         3
 Gell's Gravitas          Tloc           3%         N/A       77%         3
 Hailstorm                Conj/Ice       3%         3d3       77%         3
 Ozocubu's Armour         Ice            3%         N/A       77%         3
 Teleport Other           Tloc           3%         N/A       77%         3
 Airstrike                Air            1%         2d(1-17)  99%         4
 Anguish                  Hex/Necr       1%         N/A       99%         4
 Dispel Undead            Necr           3%         3d7       99%         4
 Fulminant Prism          Conj/Hex       1%         3d5       99%         4
 Leda's Liquefaction      Hex/Erth       1%         N/A       99%         4
 Summon Lightning Spire   Summ/Air       3%         N/A       99%         4
 Alistair's Intoxication  Tmut/Pois      8%         N/A       99%         5
 Borgnjor's Vile Clutch   Necr/Erth      1%         N/A       100%        5
 Freezing Cloud           Conj/Ice/Air   1%         6-21      100%        5
 Lee's Rapid Deconstruct  Erth           1%         3d4*      100%        5
 Simulacrum               Ice/Necr       1%         N/A       100%        6
 Statue Form              Tmut/Erth      8%         N/A       100%        6
 Ozocubu's Refrigeration  Ice            1%         4d7       100%        7
 Summon Hydra             Summ           1%         N/A       100%        7
 Necromutation            Tmut/Necr      6%         N/A       100%        8
 Polar Vortex             Ice            1%         N/A       100%        9
 Swiftness                Air            Unusable   N/A       N/A         3

Dungeon Overview and Level Annotations

Branches:
Dungeon (15/15)            Temple (1/1) D:5            Lair (5/5) D:11
 Shoals (0/4) Lair:3       Spider (2/4) Lair:2        Slime (0/5) Lair:4
    Orc (2/2) D:10            Elf (0/3) Orc:2        Vaults (1/5) D:13
 Depths (0/4) D:15          Sewer (visited)           IceCv (1/1)

Altars:
Ashenzari
Cheibriados
Dithmenos
Elyvilon
Fedhas
Gozag
Hepliaklqana
Kikubaaqudgha
Makhleb
Nemelex Xobeh
Okawaru
Qazlal
Ru
Sif Muna
Trog
Uskayaw
Vehumet
Wu Jian
Xom
Yredelemnul
Zin
The Shining One
Jiyva

Shops:
D:2 [*   D:6 ([*((   D:7 ?*   D:10 :   D:15 *   Orc:2 =(*[   Vaults:1 *

Portals:
Hell: Lair:5

Annotations:
D:9 2 runed translucent doors
D:13 Rupert


Innate Abilities, Weirdness & Mutations

You cannot be hasted, slowed, berserked, paralysed or teleported.
You can dig through walls and to a lower floor.
You have a pair of large antennae on your head. (SInv)
Your four strong arms can wield two-handed weapons with a shield.
You are clumsy. (Dex -2)


Message History

You block the ice dragon's attack.
The ice dragon claws you but does no damage.
The ice dragon tramples you but does no damage.
The polar bear bites you but does no damage.
You block the polar bear's attack. The polar bear completely misses you.
You retract your mandibles.
You bludgeon the polar bear!!
You kill the polar bear!
Cheibriados appreciates the change of pace.
You impale the ice dragon!! You drain the ice dragon.
The ice dragon is severely wounded.
You flatten the ice dragon like a pancake!!!
You kill the ice dragon!
Cheibriados thoroughly appreciates the change of pace.
The ice dragon scales are intact enough to wear.
The ice encasing you melts away.
Your Fighting skill increases to level 13!
You bludgeon the ironbound frostheart!! You drain the ironbound frostheart.
The ironbound frostheart is heavily wounded.
You block the ironbound frostheart's attack.
You bludgeon the ironbound frostheart!! You drain the ironbound frostheart!
You kill the ironbound frostheart!
Cheibriados thoroughly appreciates the change of pace.
The ice dragon breathes frost at you. The blast of cold misses you.
The ice dragon breathes frost at you. The blast of cold misses you.
You completely miss the ice dragon. The ice dragon misses you.
The ice dragon closely misses you. The ice dragon tramples you.
You hold your ground!
You hit the ice dragon but do no damage.
You drain the ice dragon.
The ice dragon is lightly wounded.
You hit the ice dragon.
The ice dragon is lightly wounded.
The ice dragon breathes frost at you. The blast of cold hits you!!!
* * * LOW HITPOINT WARNING * * *
The ironbound frostheart calls freezing cold from the walls.
The frost grips you!!!
You die...

≈≈≈ ##.†.#.####
####
###......##
####....##
####..# ###..
###....
###....## ###
###....### #@#
####....###
#D###....####
#.h..h#p...####
####......##
########


You could see an ice dragon (catching breath, drained), an ironbound frostheart
and a polar bear.

Vanquished Creatures
  A tentacled starspawn (Abyss:3)
  Gastronok (Lair:1)
  An azure jelly (Spider:2)
  2 frost giants (Vaults:1)
  A ghost moth (Spider:1)
  4 orc warlords
  A very ugly thing (Vaults:1)
  3 ironbound preservers (Vaults:1)
  2 broodmothers
  A deep elf demonologist (Vaults:1)
  3 ironbound thunderhulks (Vaults:1)
  A spark wasp (Spider:2)
  A white draconian (IceCv)
  Snorg (Lair:4)
  2 crystal guardians (Abyss:3)
  A fire dragon (D:13)
  An entropy weaver (Spider:1)
  A great orb of eyes (shapeshifter) (Abyss:3)
  4 ice dragons (IceCv)
  3 great orbs of eyes (Vaults:1)
  A rakshasa (D:14)
  7 hydras
  2 yaktaur captains (Vaults:1)
  A catoblepas (D:15)
  An ogre mage (D:15)
  7 centaur warriors
  5 ironbound frosthearts
  11 two-headed ogres
  A death yak (Lair:5)
  3 boulder beetles
  A deep troll earth mage (Vaults:1)
  Urug (D:13)
  5 thrashing horrors (Abyss:3)
  2 orc high priests (Orc:2)
  A wretched star (Abyss:3)
  A sixfirhy (Lair:5)
  3 pharaoh ants
  A fire crab (Lair:4)
  An orange crystal statue (IceCv)
  11 deep trolls (Vaults:1)
  3 orb spiders (Spider:1)
  5 lindwurms
  2 wizards
  A necromancer (Vaults:1)
  5 ironbound convokers (Vaults:1)
  Pikel (D:6)
  3 steelbarb worms
  10 orc knights
  A fire giant zombie (Vaults:1)
  A deep elf pyromancer (D:13)
  2 starcursed masses (Abyss:3)
  3 orc sorcerers
  9 wolf spiders
  17 ugly things
  A worldbinder (Abyss:3)
  7 cyclopes
  Maurice (D:8)
  A guardian serpent (Abyss:3)
  9 manticores
  A salamander (shapeshifter) (D:15)
  8 elephants
  A guardian serpent (shapeshifter) (Abyss:3)
  2 vault sentinels (Vaults:1)
  12 centaur zombies (D:11)
  5 black mambas
  4 torpor snails
  3 orange demons (Lair:5)
  A gargoyle (D:14)
  A smoke demon (Abyss:3)
  4 kobold demonologists
  6 cane toads
  13 rime drakes
  12 komodo dragons
  An efreet (D:15)
  8 unseen horrors (Abyss:3)
  2 ice devils (Lair:5)
  6 freezing wraiths
  3 yaktaurs (Vaults:1)
  A red devil (Lair:5)
  11 polar bears
  4 trolls
  3 meliai (Spider:2)
  Grinder (Sewer)
  A hellwing (Lair:5)
  A wind drake (Lair:3)
  A hornet (D:10)
  13 tarantellas
  A tengu simulacrum (Vaults:1)
  24 blink frogs
  Prince Ribbit (D:6)
  A meliai zombie (D:11)
  6 dream sheep (Lair:4)
  13 jumping spiders
  11 slime creatures
  13 culicivoras
  9 wraiths
  4 wyverns
  6 vampires
  Eustachio (D:6)
  36 yaks
  4 shadows
  16 humans (D:13)
  3 steam dragons
  31 redbacks
  4 basilisks
  An elf simulacrum (Vaults:1)
  4 vampire mosquitoes
  2 large abominations (Abyss:3)
  6 wargs
  Edmund (D:5)
  An acid dragon (D:11)
  20 water moccasins
  Pargi (D:3)
  4 hell hounds (Lair:5)
  A black bear (Lair:4)
  A swamp drake (D:11)
  32 orc warriors
  An ice beast (D:8)
  5 ogres
  23 wolves
  7 centaurs
  2 lemures
  A phantom (Sewer)
  12 kobold brigands
  Blork the orc (D:5)
  13 bullfrogs
  3 scorpions
  A scorpion (shapeshifter) (D:13)
  A small abomination (Abyss:3)
  10 wights
  2 electric eels (Lair:3)
  A crimson imp (D:7)
  3 howler monkeys
  6 hounds
  A gnoll bouda (D:4)
  Crazy Yiuf (D:3)
  21 orc priests
  An iron imp (Abyss:3)
  A jelly (D:6)
  27 orc wizards
  Natasha (thrice) (D:3)
  A boggart zombie (D:11)
  5 iguanas
  8 gnolls (D:4)
  6 adders
  3 shadow imps
  4 white imps
  7 ufetubi (Sewer)
  2 adder zombies (Sewer)
  6 worms
  2 dart slugs
  91 orcs
  11 ball pythons
  2 bat zombies (Sewer)
  6 endoplasms
  6 giant cockroaches
  7 goblins
  11 hobgoblins
  5 jackals
  54 kobolds
  A quokka (D:1)
  10 bats
  3 frilled lizards
  A goblin skeleton (D:7)
  A goblin zombie (D:7)
  4 hobgoblin zombies (D:7)
  2 kobold skeletons (D:7)
  2 kobold zombies (D:7)
  5 rats (D:3)
  A lurking horror (Abyss:3)
984 creatures vanquished.

Vanquished Creatures (others)
  2 orc wizards
  18 fungi
  A lurking horror (Abyss:3)
  48 plants
  4 starspawn tentacles (Abyss:3)
  A withered plant (D:11)
74 creatures vanquished.

Grand Total: 1058 creatures vanquished

Notes
Turn   | Place    | Note
-------+----------+-------------------------------------------
     0 | D:1      | doot the Formicid Fighter began the quest for the Orb.
     0 | D:1      | Reached XP level 1. HP: 18/18 MP: 1/1
   231 | D:1      | Reached XP level 2. HP: 24/24 MP: 2/2
   395 | D:1      | Reached XP level 3. HP: 29/29 MP: 3/3
   626 | D:2      | Reached XP level 4. HP: 22/37 MP: 4/4
   737 | D:2      | Found Paciusm's General Store.
  1228 | D:2      | Reached XP level 5. HP: 42/42 MP: 5/5
  1297 | D:2      | Found Haciluil's Armour Shop.
  1562 | D:3      | Found a faded altar of an unknown god.
  1634 | D:3      | Noticed Natasha
  1641 | D:3      | Killed Natasha
  1642 | D:3      | Reached skill level 5 in Shields
  1642 | D:3      | Noticed an angel
  1643 | D:3      | Found a glowing silver altar of Zin.
  1654 | D:3      | Found a shimmering altar of Xom.
  1666 | D:3      | Noticed Natasha
  1680 | D:3      | Killed Natasha
  1770 | D:3      | Found a glowing drain.
  1786 | Sewer    | Entered a sewer
  1911 | Sewer    | Reached XP level 6. HP: 38/48 MP: 6/6
  1996 | Sewer    | Reached skill level 1 in Dodging
  2011 | Sewer    | Found an ancient bone altar of Kikubaaqudgha.
  2015 | Sewer    | Noticed Grinder
  2046 | Sewer    | Killed Grinder
  2047 | Sewer    | Reached XP level 7. HP: 15/55 MP: 7/7
  2229 | Sewer    | Reached skill level 5 in Armour
  2456 | D:3      | Noticed Pargi
  2467 | D:3      | Killed Pargi
  2468 | D:3      | Reached skill level 5 in Axes
  2468 | D:3      | Reached skill level 6 in Shields
  2468 | D:3      | Reached XP level 8. HP: 45/61 MP: 8/8
  2543 | D:3      | Noticed Natasha
  2547 | D:3      | Killed Natasha
  2574 | D:3      | Reached skill level 5 in Fighting
  2758 | D:3      | Found a runed translucent door.
  2759 | D:3      | Noticed Crazy Yiuf
  2996 | D:4      | Found a burning altar of Makhleb.
  3436 | D:4      | Found a stormy altar of Qazlal.
  3886 | D:5      | Entered Level 5 of the Dungeon
  4031 | D:5      | Found a staircase to the Ecumenical Temple.
  4041 | Temple   | Entered the Ecumenical Temple
  4228 | D:5      | Noticed Blork the orc
  4236 | D:5      | Killed Blork the orc
  4608 | D:2      | Bought the +1 pair of boots of Caefi {Str+3} for 228 gold
                  | pieces
  4765 | D:6      | Found Qeckime's Antique Weapon Emporium.
  4830 | D:6      | Noticed Prince Ribbit
  4902 | D:6      | Killed Prince Ribbit
  4903 | D:6      | Reached XP level 9. HP: 63/68 MP: 9/9
  4966 | D:6      | Noticed Edmund
  5000 | D:5      | Killed Edmund
  5034 | D:6      | Noticed Pikel
  5039 | D:6      | Killed Pikel
  5040 | D:6      | Reached skill level 7 in Shields
  5081 | D:6      | Found Ynett's General Store.
  5153 | D:6      | Found Doecsoh's Weapon Shop.
  5323 | D:6      | Found Xiarchut's Antique Armour Shoppe.
  5337 | D:6      | Found Caico's Antique Weapon Shop.
  5527 | D:6      | Found a shadowy altar of Dithmenos.
  5577 | D:6      | Reached skill level 1 in Stealth
  5577 | D:6      | Reached XP level 10. HP: 63/77 MP: 10/10
  5653 | D:6      | Noticed Eustachio
  5665 | D:6      | Killed Eustachio
  5666 | D:6      | Reached skill level 8 in Shields
  5727 | D:6      | Found a broken altar of Ashenzari.
  5813 | D:6      | Found a radiant altar of Vehumet.
  5814 | D:6      | Found a blossoming altar of Fedhas.
  6814 | D:7      | Found an opulent altar of Gozag.
  6818 | D:7      | Found Gozag's Platinum Reserve.
  6834 | D:7      | Noticed a two-headed ogre
  7000 | D:3      | Killed Crazy Yiuf
  7250 | D:7      | Found Azatiunk's Magic Scroll Shop.
  7336 | D:6      | You fall into a shaft and drop 1 floor!
  7355 | D:7      | Found a glowing golden altar of the Shining One.
  7595 | D:8      | Noticed a kobold demonologist
  7602 | D:8      | Noticed a centaur warrior
  7649 | D:7      | Killed a two-headed ogre
  7650 | D:7      | Reached skill level 9 in Shields
  7650 | D:7      | Reached skill level 1 in Evocations
  7813 | D:8      | Noticed an ice devil
  7813 | D:8      | Noticed a manticore
  7821 | D:7      | Killed a kobold demonologist
  8063 | D:8      | Noticed Maurice
  8079 | D:8      | Noticed a cyclops
  8097 | D:8      | Noticed a two-headed ogre
  8100 | D:8      | Killed a cyclops
  8101 | D:8      | Reached XP level 11. HP: 23/86 MP: 11/11
  8115 | D:8      | You fall into a shaft and drop 3 floors!
  8389 | D:11     | Reached skill level 10 in Axes
  8571 | D:11     | Noticed a cyclops
  8626 | D:11     | Reached skill level 5 in Dodging
  8763 | D:11     | Reached skill level 10 in Shields
  8894 | D:10     | Entered Level 10 of the Dungeon
  8901 | D:9      | Found a runed translucent door.
  9075 | D:8      | Killed a manticore
  9144 | D:8      | Killed Maurice
  9446 | D:8      | Reached skill level 1 in Invocations
  9446 | D:8      | Reached XP level 12. HP: 36/95 MP: 12/12
  9676 | D:8      | Killed a two-headed ogre
 10032 | D:8      | Identified the staff of earth "Ceosah" {Dex+3}
 10032 | D:8      | Identified the ring "Ocvyllos" {rCorr EV+5 Stlth+}
 10033 | D:8      | Got Sif Muna's Handbook of Malevolent Words and Hail
 10123 | D:8      | Noticed a centaur warrior
 10130 | D:8      | Killed a centaur warrior
 10273 | D:8      | Found a snail-covered altar of Cheibriados.
 10292 | D:8      | Became a worshipper of Cheibriados the Contemplative
 10768 | D:8      | Killed a centaur warrior
 10769 | D:8      | Reached skill level 11 in Shields
 10819 | D:9      | Found a sacrificial altar of Ru.
 10997 | D:9      | Found a runed translucent door.
 11454 | D:10     | Found a staircase to the Orcish Mines.
 11477 | D:10     | Reached * piety under Cheibriados
 11660 | D:6      | Bought a +0 tower shield for 49 gold pieces
 11844 | D:10     | Found a hide-covered altar of Uskayaw.
 12026 | D:10     | Found Qylif's Self-Improvement Boutique.
 12425 | D:10     | Reached ** piety under Cheibriados
 12523 | Orc:1    | Entered Level 1 of the Orcish Mines
 12833 | Orc:2    | Entered Level 2 of the Orcish Mines
 12948 | Orc:2    | Noticed a two-headed ogre
 12954 | Orc:2    | Noticed a sixfirhy
 13034 | Orc:1    | Reached *** piety under Cheibriados
 13166 | Orc:1    | Reached XP level 13. HP: 97/98 MP: 16/16
 13336 | D:6      | Bought a crystal dire flail for 270 gold pieces
 13336 | D:6      | Identified the +7 dire flail of the Heavens {drain, rF+}
                  | (You bought it in a shop on level 6 of the Dungeon)
 13446 | Orc:2    | Noticed an orc warlord
 13451 | Orc:1    | Reached skill level 5 in Evocations
 13595 | Orc:2    | Reached skill level 1 in Maces & Flails
 13785 | Orc:2    | Reached skill level 12 in Shields
 13785 | Orc:2    | Reached skill level 5 in Invocations
 13861 | Orc:2    | Noticed an orc warlord
 14042 | Orc:2    | Reached **** piety under Cheibriados
 14282 | Orc:2    | Gained mutation: You are clumsy. (Dex -2) [a neqoxec]
 14469 | Orc:2    | Found Hohetiaj's Antique Weapon Shop.
 14542 | Orc:1    | Killed an orc warlord
 14706 | Orc:2    | Killed an orc warlord
 14860 | Orc:2    | Found a staircase to the Elven Halls.
 14888 | Orc:2    | Found Hynais's Antique Armour Shop.
 14908 | Orc:2    | Found Hiumer's General Store.
 14924 | Orc:2    | Found Nagunom's Jewellery Shop.
 15469 | D:11     | Reached skill level 10 in Fighting
 15604 | D:11     | Found a staircase to the Lair.
 15724 | D:11     | Reached skill level 5 in Maces & Flails
 15930 | D:12     | Reached ***** piety under Cheibriados
 15961 | D:12     | Reached XP level 14. HP: 105/110 MP: 18/18
 15992 | D:12     | Reached skill level 13 in Shields
 16471 | D:12     | Found a blossoming altar of Fedhas.
 16656 | D:13     | Noticed Urug
 16656 | D:13     | Noticed Rupert
 16656 | D:13     | Found a gate to the Vaults.
 16859 | D:13     | Killed Urug
 17594 | D:13     | Learned a level 2 spell: Wereblood
 17785 | D:14     | Reached skill level 1 in Transmutations
 18189 | D:14     | Reached skill level 14 in Shields
 18368 | D:15     | Entered Level 15 of the Dungeon
 18368 | D:15     | Found Odygaily's General Store.
 18431 | D:15     | Reached XP level 15. HP: 116/117 MP: 21/21
 18448 | D:15     | Reached ****** piety under Cheibriados
 18750 | D:15     | Found a staircase to the Depths.
 18750 | D:15     | Noticed a stone giant
 19499 | Lair:1   | Entered Level 1 of the Lair of Beasts
 19914 | D:2      | Bought the +11 plate armour "Cihuycu" {rPois Will- Str-2
                  | Dex+8} for 1268 gold pieces
 20396 | Lair:1   | Noticed Gastronok
 20409 | Lair:1   | Killed Gastronok
 20528 | Lair:1   | Got the Parchment of the Wendigo
 20638 | Lair:1   | You fall into a shaft and drop 1 floor!
 21053 | Lair:2   | Reached skill level 10 in Armour
 21116 | Lair:2   | Found a hole to the Spider Nest.
 21818 | Lair:3   | Found a staircase to the Shoals.
 22002 | Lair:3   | Reached skill level 10 in Invocations
 22009 | Lair:3   | Reached skill level 15 in Shields
 22770 | Lair:4   | Noticed Snorg
 22777 | Lair:4   | Killed Snorg
 22792 | Lair:4   | Found a staircase to the Slime Pits.
 22792 | Lair:4   | Found a viscous altar of Jiyva.
 23004 | Lair:4   | Reached skill level 10 in Maces & Flails
 23278 | Lair:4   | Reached XP level 16. HP: 125/125 MP: 18/23
 23719 | Lair:5   | Entered Level 5 of the Lair of Beasts
 23767 | Lair:5   | Reached skill level 1 in Spellcasting
 23910 | Lair:5   | Reached skill level 16 in Shields
 24560 | Abyss:2  | Cast into level 2 of the Abyss (a wizard)
 24564 | Abyss:3  | Found a corrupted altar of Lugonu.
 24574 | Abyss:3  | Found a corrupted altar of Lugonu.
 24725 | Abyss:3  | Got an abyssal rune of Zot
 24729 | Abyss:3  | Noticed a tentacled starspawn
 24782 | Abyss:3  | Killed a tentacled starspawn
 24807 | Lair:5   | Escaped the Abyss
 24839 | Lair:5   | Found a burning altar of Makhleb.
 24882 | Lair:5   | Found a gateway to Hell.
 24890 | Lair:5   | Identified the ring of Denor {Str+6 Dex+4 Stlth+}
 25353 | Vaults:1 | Entered Level 1 of the Vaults
 25411 | Vaults:1 | Reached XP level 17. HP: 133/133 MP: 23/26
 25519 | Vaults:1 | Reached skill level 17 in Shields
 25741 | Vaults:1 | Found Kivuxt's General Store.
 25865 | Abyss:3  | Cast into level 3 of the Abyss (a deep elf demonologist)
 25923 | Vaults:1 | Escaped the Abyss
 26695 | Vaults:1 | Identified the staff of air "Utaexen" {rElec rF++ Dex+3}
 27022 | Spider:1 | Entered Level 1 of the Spider Nest
 27366 | Spider:1 | Reached skill level 1 in Ranged Weapons
 27367 | Spider:1 | Reached XP level 18. HP: 141/141 MP: 28/28
 27606 | Spider:1 | Reached skill level 18 in Shields
 27920 | Spider:1 | You fall into a shaft and drop 1 floor!
 28072 | Spider:2 | Identified the +5 chain mail "Jaocloam" {Fly Regen+ rCorr
                  | Stlth-}
 28242 | Spider:2 | Found a frozen archway.
 28267 | IceCv    | Entered an ice cave
 29014 | IceCv    | Killed from afar by an ironbound frostheart

Illustrated notes

Levels and vault maps discovered:
D:1:      tekkud_arrival_beachfront_property, layout_basic
D:2:      layout_basic, serial_shops, shop, shop, corner_web_ring,
          minmay_box_of_dots
D:3:      layout_rooms, grunt_temple_overflow_order_and_chaos_1,
          portal_sewer_entry_b, shapermc_ecumenical_altar_starsandcircs,
          kennysheep_nub, uniq_natasha, uniq_crazy_yiuf_cottage, uniq_pargi
D:4:      nicolae_BIG_FREAKIN_CUBE, layout_cave_pools, bloody_makhleb,
          nicolae_overflow_hidden_temple, serial_rivers,
          chequers_serial_rivers_marsh, chequers_serial_rivers_micro_e,
          chequers_serial_rivers_room_b, chequers_serial_rivers_large_b,
          chequers_serial_rivers_micro_e, chequers_serial_rivers_marsh,
          serial_bayou_lagoon_a
D:5:      layout_basic, minmay_temple_entry_wispy, serial_curves,
          eino_curves_04, eino_curves_01, uniq_blork_the_orc
D:6:      layout_rooms, nicolae_dithmenos_through_a_glass_darkly,
          cheibrodos_ashenzari_chains, gammafunk_temple_overflow_statue,
          serial_shops, nicolae_shop_stone, shop, shop, nicolae_take_the_stairs,
          nicolae_shop_crystal, grunt_decor_mini_mirrors, kb_rosetta,
          uniq_prince_ribbit1, uniq_pikel, uniq_edmund, uniq_eustachio
D:7:      wander_river, layout_rooms, nicolae_tso_besieged_by_evil,
          nicolae_gozag_zags_fifth_avenue, serial_shops,
          nicolae_shop_hallway_plus, grunt_ministairs_1
D:8:      layout_layer_cave, cheibrodos_worm_habitat, minmay_the_grid_2x2
          [minmay_the_grid_rooms, minmay_the_grid_plusring,
          minmay_the_grid_paths, minmay_the_grid_prize_shrinking_boxes],
          uniq_maurice
D:9:      cheibrodos_histonic, layout_cave_pools,
          nicolae_ru_sacrificial_ziggurat
D:10:     layout_loops_corners, eat_drink_and_be_merry_uskayaw, erik_orc_4,
          nicolae_shop_self_help
D:11:     layout_roguey, erik_lair_dragon, serial_undead, serial_undead_a,
          serial_undead_e, serial_undead_b, serial_undead_a, serial_undead_b,
          serial_undead_a, serial_undead_c
D:12:     layout_basic, fedhas_altar_2
D:13:     layout_long_grid, david_vaults_3
D:14:     layout_irregular_city, chequers_serial_rivers_marsh
D:15:     grunt_enter_depths_giant_problem, layout_basic, serial_shops, shop,
          nicolae_sextant
Temple:   kb_temple_of_zot
Lair:1:   layout_layer_cave, uniq_gastronok
Lair:2:   layout_chaotic_city, spider_nest_entry_web_field
Lair:3:   layout_hall_layers, minmay_shoals_entry_beasts, st_stairs_5,
          serial_bayou_shore_a
Lair:4:   layout_cave_pods, slime_entry_1, nicolae_lair_lakeside_cave,
          grunt_megastairs_4, uniq_snorg
Lair:5:   evil_forest, layout_long_grid
Spider:1: layout_chambers, hangedman_spider_tarantella_strand
Spider:2: layout_spider_delve, portal_ice_cave_entry_frozen_things, drop_trap
Orc:1:    layout_diamond_mine
Orc:2:    grunt_orc_cross, layout_caves
Vaults:1: hangedman_vaults_trim, nicolae_vaults_three_branches, v_misc_5,
          vaults_room_corners, v_misc_4, vaults_room_door_hall,
          nicolae_vaults_shipping_containers_5, nicolae_vaults_angled_halls,
          vaults_dpeg_encased_lava, ontoclasm_vaults_idyll,
          layout_vaults_big_cross, serial_shops, nicolae_shop_real_fake_doors
IceCv:    ice_cave_small_giant

Skill      XL: |  1  2  3  4  5  6  7  8  9 10 11 12 13 14 15 16 17 18 |
---------------+-------------------------------------------------------+-----
Axes           | 3 4 5 6 8 9 11 12 13 | 13.8
Fighting       | 4 5 7 9 10 11 12 13 | 13.0
Armour         | 4 5 6 7 8 9 10 11 | 11.3
Shields        | 5 6 7 9 10 11 12 14 15 16 17 18 | 18.6
Dodging        | 1 2 3 4 5 6 7 |  7.4
Stealth        | 1 2 3 4 |  4.4
Evocations     | 1 2 4 6 7 |  7.6
Invocations    | 1 4 6 8 10 12 13 14 | 14.1
Maces & Flails | 5 8 10 11 12 | 12.9
Transmutations | 2 3 |  3.9
Spellcasting   | 2 |  2.5
Ranged Weapons | 1 2 |  2.3

Action                     |  1- 3 |  4- 6 |  7- 9 | 10-12 | 13-15 | 16-18 || total
---------------------------+-------+-------+-------+-------+-------+-------++-------
  Melee: War axe           |    43 |       |       |   404 |       |       ||   447
         Hand axe          |    12 |   154 |   301 |   241 |       |       ||   708
         Dire flail        |       |       |       |       |   899 |   840 ||  1739
         Battleaxe         |       |       |       |       |       |   179 ||   179
   Fire: Arbalest          |       |       |       |       |       |    52 ||    52
   Cast: Wereblood         |       |       |       |       |     5 |    26 ||    31
 Invoke: Bend Time         |       |       |       |       |     1 |       ||     1
         Step From Time    |       |       |       |       |       |     2 ||     2
Ability: Dig               |     1 |       |       |     6 |     2 |     4 ||    13
         Shaft Self        |       |       |       |     2 |       |       ||     2
  Evoke: Wand              |       |       |     2 |     7 |       |     2 ||    11
    Use: Potion            |       |     3 |     2 |       |     1 |     7 ||    13
         Scroll            |       |       |       |    14 |     3 |     1 ||    18
   Stab: Sleeping          |       |       |       |       |     6 |     1 ||     7
         Distracted        |       |       |       |       |     1 |     1 ||     2
         Paralysed         |       |       |       |       |       |     2 ||     2
 Armour: Scale mail        |    33 |   129 |   117 |   101 |   101 |       ||   481
         Ring mail         |       |       |    10 |   130 |       |       ||   140
         Plate armour      |       |       |       |       |    53 |   261 ||   314
  Dodge: Dodged            |    37 |   137 |   192 |   447 |   496 |   756 ||  2065
  Block: Buckler           |    14 |    72 |   125 |   244 |       |       ||   455
         Tower shield      |       |       |       |   183 |   891 |   205 ||  1279
         Kite shield       |       |       |       |       |   218 |   969 ||  1187
         Reflection        |       |       |       |       |     3 |    10 ||    13
